 Dungeon Crawl Stone Soup version 0.31-a0-774-g0d66cbabe8 (webtiles) character file.

Game seed: 54727017398516855

263 randomguy2701 the Conjurer (level 5, -3/28 HPs)
             Began as a Deep Elf Conjurer on Sept 17, 2023.
             Slain by an orc
             ... wielding a +1 hand axe of venom
              (7 damage)
             ... on level 4 of the Dungeon.
             The game lasted 00:06:49 (4017 turns).

randomguy2701 the Conjurer (Deep Elf Conjurer)      Turns: 4017, Time: 00:06:50

Health: -3/28      AC:  2    Str:  4    XL:     5   Next: 98%
Magic:  5/14       EV: 13    Int: 25    God:
Gold:   172        SH:  0    Dex: 13    Spells: 7/14 levels left

rFire   . . .        q - staff of poison
rCold   . . .        (no shield)
rNeg    . . .        a - +0 robe
rPois   +            (no helmet)
rElec   .            i - scarf {harm}
rCorr   .            (no gloves)
SInv    .            (no boots)
Will    .....        (no amulet)
Stlth   ++           (no ring)
HPRegen 0.24/turn    (no ring)
MPRegen 0.14/turn

%: harm (+30% outgoing, +20% incoming)
@: lethally poisoned (-3 -> -9)
A: no striking features
a: no special abilities


You were on level 4 of the Dungeon.
You visited 1 branch of the dungeon, and saw 4 of its levels.
You also visited: Sewer.

You collected 172 gold pieces.

Inventory:

Armour
 a - a +0 robe (worn)
 i - a scarf of harm (worn)
Magical Staves
 q - a staff of poison (weapon)
Jewellery
 e - an amulet of faith
Wands
 j - a wand of charming (9)
 v - a wand of mindburst (14)
Scrolls
 d - 3 scrolls of noise
 h - 3 scrolls of teleportation {unknown}
 k - 2 scrolls of fear {unknown}
 o - a scroll of torment {unknown}
 p - 2 scrolls of identify {unknown}
 u - a scroll of fog {unknown}
 w - a scroll of immolation {unknown}
 x - a scroll of enchant weapon {unknown}
 y - a scroll of vulnerability {unknown}
Potions
 b - 2 potions of magic
 c - 2 potions of might {unknown}
 f - 2 potions of mutation {unknown}
 g - 2 potions of curing {unknown}
 l - 2 potions of attraction {unknown}
 m - 3 potions of haste {unknown}
 n - 2 potions of lignification {unknown}
 r - a potion of invisibility {unknown}
 s - a potion of brilliance {unknown}
 t - 2 potions of heal wounds {unknown}


   Skills:
 + Level 3.1 Dodging
 + Level 3.3 Stealth
 + Level 5.3 Spellcasting
 + Level 6.5 Conjurations


You had 7 spell levels left.
You knew the following spells:

 Your Spells              Type           Power      Damage    Failure   Level
a - Magic Dart            Conj           100%       1d8       1%          1
b - Searing Ray           Conj           78%        2d7       1%          2
c - Fulminant Prism       Conj/Hex       11%        3d8       22%         4

Your spell library contained the following spells:

 Spells                   Type           Power      Damage    Failure   Level
 Dazzling Flash           Conj/Hex       44%        N/A       6%          3
 Mephitic Cloud           Conj/Pois/Air  26%        N/A       10%         3
 Call Imp                 Summ           12%        N/A       12%         2
 Ensorcelled Hibernation  Hex/Ice        12%        N/A       12%         2
 Passwall                 Tmut/Erth      5%         N/A       12%         2
 Iskenderun's Mystic Bla  Conj/Tloc      22%        2d6       22%         4
 Frozen Ramparts          Ice            12%        1d2       24%         3
 Swiftness                Air            6%         N/A       24%         3
 Volatile Blastmotes      Fire/Tloc      12%        2d11      24%         3
 Petrify                  Tmut/Erth      6%         N/A       63%         4
 Metabolic Englaciation   Hex/Ice        3%         N/A       92%         5
 Starburst                Conj/Fire      11%        6d5       97%         6
 Maxwell's Capacitive Co  Air            3%         ∞         100%        8


Dungeon Overview and Level Annotations

Branches:
Dungeon (4/15)              Sewer (visited)
 Temple: D:4-7

Altars:
Hepliaklqana
Okawaru
Trog


Message History

The magic dart hits you.
The magic dart hits the orc wizard!
The orc wizard is heavily wounded.
The magic dart hits the orc wizard.
The orc wizard is severely wounded.
The orc wizard casts a spell at you. The puff of flame hits you!
You are too injured to fight recklessly!
Casting: Magic Dart (safe; 1% risk of failure)
Confirm with . or Enter, or press ? or * to list all spells.
Aiming: Magic Dart (safe; 1% risk of failure)
Press: ? - help, Shift-Dir - straight line, f/p - orc wizard
Aim: an orc wizard, wielding a +4 dagger and wearing a +0 robe (severely wounded, 100% to hit)
The magic dart hits the orc wizard.
The orc wizard is almost dead.
Casting: Magic Dart (safe; 1% risk of failure)
Confirm with . or Enter, or press ? or * to list all spells.
Aiming: Magic Dart (safe; 1% risk of failure)
Press: ? - help, Shift-Dir - straight line, f/p - orc wizard
Aim: an orc wizard, wielding a +4 dagger and wearing a +0 robe (almost dead, 100% to hit)
The magic dart hits the orc wizard.
The orc wizard is almost dead.
Casting: Magic Dart (safe; 1% risk of failure)
Confirm with . or Enter, or press ? or * to list all spells.
Aiming: Searing Ray (safe; 1% risk of failure)
Press: ? - help, Shift-Dir - straight line, f/p - orc wizard
Aim: an orc wizard, wielding a +4 dagger and wearing a +0 robe (almost dead, 76% to hit)
The searing ray hits the orc.
The orc is almost dead.
The searing ray hits the orc wizard.
You kill the orc wizard! (Press . to maintain the ray.)
The orc hits you with a +1 hand axe of venom.
* * * LOW HITPOINT WARNING * * *
You are lethally poisoned!
The searing ray misses the orc.
* * * LOW HITPOINT WARNING * * *
You feel sick.
The orc hits you with a +1 hand axe of venom.
You die...

.####..)#.
##.... #
.######.##
# #.
..........
..#.######
######.##
.......#
#.##
..)#.#
#... #o..#
#### #@.#
#######
#..##.#...
+......
#†........
#######
#.###.#...
# #.# #...
# #.###
#..# #
#...###..#
#
###..##..#
# ##.##..#
######


You could see an orc.

Vanquished Creatures
  A scorpion (D:3)
  An orc wizard (D:4)
  5 adders
  A river rat (D:3)
  4 worms (D:3)
  A dart slug (D:2)
  2 orcs (D:4)
  11 bats
  5 endoplasms
  9 giant cockroaches
  6 goblins
  6 hobgoblins
  5 jackals (D:2)
  22 kobolds
  3 quokkas (D:1)
  9 ball pythons
  6 frilled lizards
  11 rats
108 creatures vanquished.

Notes
Turn   | Place    | Note
-------+----------+-------------------------------------------
     0 | D:1      | randomguy2701 the Deep Elf Conjurer began the quest for the
                  | Orb.
     0 | D:1      | Reached XP level 1. HP: 10/10 MP: 6/6
   274 | D:1      | Reached XP level 2. HP: 15/15 MP: 6/8
   727 | D:1      | Reached skill level 5 in Conjurations
  1344 | D:1      | Reached XP level 3. HP: 17/19 MP: 5/9
  1631 | D:2      | Learned a level 2 spell: Searing Ray
  2159 | D:2      | Reached XP level 4. HP: 24/24 MP: 6/11
  2636 | D:3      | Found a bloodstained altar of Trog.
  2661 | D:3      | Noticed a scorpion
  2667 | D:3      | Killed a scorpion
  2668 | D:3      | Reached skill level 6 in Conjurations
  2668 | D:3      | Reached XP level 5. HP: 28/28 MP: 6/13
  2761 | D:3      | Found a hazy altar of Hepliaklqana.
  2830 | D:3      | Found a faded altar of an unknown god.
  2845 | D:3      | Found a glowing drain.
  3016 | Sewer    | Entered a sewer
  3525 | D:3      | Reached skill level 5 in Spellcasting
  3754 | D:3      | Learned a level 4 spell: Fulminant Prism
  3928 | D:4      | Found an iron altar of Okawaru.
  4017 | D:4      | Slain by an orc

Illustrated notes

Levels and vault maps discovered:
D:1:      matt_arrival_spirals, layout_loops_corners,
          chequers_serial_rivers_room_b, minivault_14, minmay_three_crescents
D:2:      layout_basic, kennysheep_generic_room_8
D:3:      layout_rooms, mainiacjoe_overflow_small_starburst,
          mainiacjoe_overflow_boulevard, portal_sewer_entry_b,
          basic_ecumenical_altar, nicolae_wormholes
D:4:      layout_basic, kennysheep_little_box

Skill      XL: |  1  2  3  4  5 |
---------------+----------------+-----
Conjurations   | 5 6 |  6.5
Spellcasting   | 4 5 |  5.3
Dodging        | 3 |  3.1
Stealth        | 3 |  3.3

Action                     |  1- 3 |  4- 6 || total
---------------------------+-------+-------++-------
   Cast: Magic Dart        |    82 |    86 ||   168
         Searing Ray       |       |     7 ||     7
    Use: Scroll            |     1 |       ||     1
 Armour: Robe              |     6 |     9 ||    15
  Dodge: Dodged            |     7 |     2 ||     9

Table legend: (Time is in decaauts)
 A = Elapsed time spent in this place.
 B = Non-inter-level travel time spent in this place.
 C = Inter-level travel time spent in this place.
 D = Time resting spent in this place.
 E = Time spent auto-exploring this place.
 F = Levels seen in this place.
 G = Mean time per level.
                   A        B        C        D        E       F      G
               +--------+--------+--------+--------+--------+-----+--------+
         Total |   4041 |   3859 |    182 |      0 |   3260 |   5 |  808.2 |
       Dungeon |   3579 |   3397 |    182 |      0 |   2885 |   4 |  894.8 |
         Sewer |    462 |    462 |      0 |      0 |    375 |   1 |  462.0 |
               +--------+--------+--------+--------+--------+-----+--------+

Top non-repeatable levels by time:
     D:1: 1513 daAuts
     D:2: 939 daAuts
     D:3: 875 daAuts
   Sewer: 462 daAuts
     D:4: 251 daAuts
